 Dungeon Crawl Stone Soup version 0.25-a0-503-ge281fa673e (webtiles) character file.

Game seed: 12392272161897379826, levelgen mode: deterministic

150 Kohma the Chiller (level 5, -3/35 HPs)
             Began as a Merfolk Ice Elementalist on Feb 13, 2020.
             Slain by Robin
             ... wielding a +0 spear
              (5 damage)
             ... on level 2 of the Dungeon.
             The game lasted 00:06:41 (2831 turns).

Kohma the Chiller (Merfolk Ice Elementalist)        Turns: 2831, Time: 00:06:41

Health: -3/35      AC:  4    Str:  9    XL:     5   Next: 32%
Magic:  5/9        EV: 13    Int: 14    God:
Gold:   90         SH:  0    Dex: 15    Spells: 5/9 levels left

rFire    . . .     SeeInvis .   a - +0 scimitar
rCold    . . .     Gourm    .   (no shield)
rNeg     . . .     Faith    .   d - +0 leather armour
rPois    .         Spirit   .   (no helmet)
rElec    .         Reflect  .   k - +0 cloak
rCorr    .         Harm     .   (no gloves)
MR       .....                  (no boots)
Stlth    ++........             (no amulet)
HPRegen  0.11/turn              (no ring)
MPRegen  0.11/turn              (no ring)

@: no status effects
A: change form in water, swift swim, stealthy swim
a: no special abilities


You were on level 2 of the Dungeon.
You were hungry.

You visited 1 branch of the dungeon, and saw 2 of its levels.

You collected 90 gold pieces.

Inventory:

Hand Weapons
 a - a +0 scimitar (weapon)
 e - a +0 dagger
Armour
 d - a +0 leather armour (worn)
 k - a +0 cloak (worn)
Jewellery
 j - an uncursed amulet of the acrobat {unknown}
Scrolls
 f - 3 scrolls of fog {unknown}
 i - 2 scrolls of amnesia {unknown}
 l - 2 scrolls of identify {unknown}
 n - a scroll of random uselessness {unknown}
Potions
 b - a potion of agility {unknown}
 g - 5 potions of heal wounds
 m - a potion of curing {unknown}
Comestibles
 c - 5 rations
 h - 10 chunks of flesh


   Skills:
 + Level 4.1 Dodging
 - Level 2.2 Stealth
 + Level 2.9 Spellcasting
 * Level 5.9 Ice Magic


You had 5 spell levels left.
You knew the following spells:

 Your Spells              Type           Power        Failure   Level  Hunger
a - Freeze                Ice            ###.         2%          1    #......
b - Frozen Ramparts       Ice            ###...       8%          3    ###....

Your spell library contained the following spells:

 Spells                   Type           Power        Failure   Level  Hunger
 Ozocubu's Armour         Chrm/Ice       ##......     26%         3    ###....
 Hailstorm                Conj/Ice       ##......     65%         4    #####..
 Summon Ice Beast         Ice/Summ       ##......     65%         4    #####..


Dungeon Overview and Level Annotations

Branches:
Dungeon (2/15)

Altars:

Annotations:
D:2 Robin, Sigmund


Message History

You hit Robin.
Robin is heavily wounded.
Something hits you but does no damage. Robin misses you.
You riposte.
You hit Robin.
Robin is heavily wounded.
You feel much better.
Robin is no longer encased in ice.
Sigmund appears from thin air!
Reactivating autopickup.
Sigmund is no longer encased in ice.
Robin hits you with a +0 spear.
Sigmund hits you from afar with a +0 scythe!
* * * LOW HITPOINT WARNING * * *
You hit Robin.
Robin is almost dead.
Robin hits you with a +0 spear.
* * * LOW HITPOINT WARNING * * *
Sigmund mumbles some strange words.
Sigmund flickers and vanishes!
Deactivating autopickup; reactivate with Ctrl-A.
Robin hits you with a +0 spear.
You die...

..........##.......^# #.#..##.
......g...##........###.#..##.
.....(..g..........)).........
.........g..####'######..#.###
..........gg# #.# #....#..
.........(g.# #.#######...'..
............####.....# #####..
########...{#))...#..#### #..
####...)g@#...#.....# #..
###.....#..)#.##..###.####..
#...#...#.##......# #.#.....
#...#.##.....÷#...###.#.##..
+.##......#...#.......#.####
#.....#...#÷##..#.#####.#
#.....#.###.......#...#.#
#<..##......#...###.#.#.#
#.......#...#.......#.#.####


You could see Robin.

Vanquished Creatures
  Terence (D:2)
  4 adders (D:2)
  3 gnolls (D:2)
  2 dart slugs (D:1)
  2 leopard geckos (D:1)
  A ball python (D:1)
  3 giant cockroaches
  11 goblins
  9 hobgoblins
  9 bats
  2 frilled lizards (D:1)
  5 kobolds
  4 rats
56 creatures vanquished.

Notes
Turn   | Place    | Note
-------+----------+-------------------------------------------
     0 | D:1      | Kohma the Merfolk Ice Elementalist began the quest for the
                  | Orb.
     0 | D:1      | Reached XP level 1. HP: 13/13 MP: 3/3
   229 | D:1      | Reached XP level 2. HP: 19/19 MP: 3/5
  1259 | D:1      | Reached XP level 3. HP: 24/24 MP: 3/6
  1607 | D:1      | Reached skill level 5 in Ice Magic
  2361 | D:2      | Learned a level 3 spell: Frozen Ramparts
  2388 | D:2      | Noticed Terence
  2424 | D:2      | Killed Terence
  2424 | D:2      | Reached XP level 4. HP: 26/30 MP: 0/7
  2662 | D:2      | Reached XP level 5. HP: 31/35 MP: 6/9
  2804 | D:2      | Noticed Sigmund
  2805 | D:2      | Noticed Robin
  2831 | D:2      | Slain by Robin

Levels and vault maps discovered:
D:1:      sevenhm_arrival_forest_fort_large_3, layout_loops_ring, serial_forest,
          infiniplex_forest_straight_2, infiniplex_forest_straight_4,
          infiniplex_forest_lined_room_, infiniplex_forest_end_2,
          infiniplex_forest_lined_ring, infiniplex_forest_clump_long,
          infiniplex_forest_corner_2, infiniplex_forest_end_3, minmay_cupped
D:2:      layout_basic, hangedman_decor_points, uniq_robin, uniq_sigmund,
          uniq_terence

Skill      XL: |  1  2  3  4 |
---------------+-------------+-----
Dodging        | 3 4 |  4.1
Ice Magic      | 5 |  5.9
Stealth        | |  2.2
Spellcasting   | |  2.9

Action                   |  1- 3 |  4- 6 || total
-------------------------+-------+-------++-------
Melee: Dagger            |    93 |       ||    93
       Unarmed           |     1 |       ||     1
       Scimitar          |     7 |    25 ||    32
 Cast: Freeze            |    38 |     5 ||    43
       Frozen Ramparts   |     2 |     4 ||     6
  Use: Scroll            |     1 |       ||     1
       Potion            |       |     1 ||     1
 Stab: Sleeping          |     3 |       ||     3
  Eat: Chunk             |     5 |     2 ||     7
Armor: Leather armour    |    33 |    16 ||    49
Dodge: Dodged            |    82 |    27 ||   109
       Rpst.: Scimitar   |     3 |    10 ||    13

Table legend:
 A = Non-vault XP
 B = Vault XP
 C = Vault XP percentage of total XP
 D = Non-vault monster count
 E = Vault monster count
 F = Vault count percentage of total count
                 A         B        C        D         E       F
            +---------+---------+-------+---------+---------+-------
      Total |     155 |      60 |  27.9 |      42 |      14 |  25.0
            +---------+---------+-------+---------+---------+-------
        D:1 |      44 |       6 |  12.0 |      24 |       3 |  11.1
        D:2 |     111 |      54 |  32.7 |      18 |      11 |  37.9
            +---------+---------+-------+---------+---------+-------
